 Dungeon Crawl Stone Soup version 0.30-a0-5-g3a90980b9d (webtiles) character file.

Game seed: 7201748591807726066

177 BritishOli the Trooper (level 5, -5/42 HPs)
             Began as a Demonspawn Fighter on Aug 22, 2022.
             Slain by an ogre
             ... wielding a +0 giant club
              (16 damage)
             ... on level 4 of the Dungeon.
             The game lasted 00:01:33 (2208 turns).

BritishOli the Trooper (Demonspawn Fighter)         Turns: 2208, Time: 00:01:33

Health: -5/42      AC: 14    Str: 24    XL:     5   Next: 30%
Magic:  5/5        EV:  6    Int: 10    God:
Gold:   74         SH:  4    Dex: 12    Spells: 4/4 levels left

rFire   . . .      SeeInvis .    a - +0 long sword
rCold   . . .      Faith    .    c - +0 buckler
rNeg    . . .      Spirit   .    q - +0 plate armour
rPois   .          Reflect  .    (helmet restricted)
rElec   .          Harm     .    (no cloak)
rCorr   .          Rampage  .    (no gloves)
Will    .....                    (no boots)
Stlth   ..........               (no amulet)
HPRegen 0.14/turn                k - +6 ring of strength
MPRegen 0.09/turn                (no ring)

@: no status effects
A: horns 1, thin metallic scales 2, spiny 1
a: no special abilities


You were on level 4 of the Dungeon.
You visited 1 branch of the dungeon, and saw 4 of its levels.

You collected 74 gold pieces.

Inventory:

Hand Weapons
 a - a +0 long sword (weapon)
Armour
 b - a +0 scale mail
 c - a +0 buckler (worn)
 q - a +0 plate armour (worn)
Jewellery
 k - a +6 ring of strength (left hand)
Wands
 n - a wand of roots (12)
Scrolls
 e - 2 scrolls of enchant armour {unknown}
 f - 2 scrolls of identify {unknown}
 g - 2 scrolls of vulnerability {unknown}
 i - a scroll of immolation {unknown}
 j - a scroll of enchant weapon {unknown}
 m - a scroll of amnesia {unknown}
 o - a scroll of acquirement {unknown}
 p - a scroll of brand weapon {unknown}
 r - a scroll of poison {unknown}
Potions
 d - a potion of might
 h - a potion of lignification {unknown}
 l - 2 potions of curing {unknown}


   Skills:
 + Level 4.2 Fighting
 + Level 3.2 Long Blades
 - Level 3.3 Armour
 - Level 3.3 Shields


You had 4 spell levels left.
You didn't know any spells.
Your spell library was empty.

Dungeon Overview and Level Annotations

Branches:
Dungeon (4/15)
 Temple: D:4-7

Altars:


Innate Abilities, Weirdness & Mutations

You have a pair of small horns on your head.
You are mostly covered in thin metallic scales. (AC +3)
You are partially covered in sharp spines.


Message History

A ball python comes into view.
The ball python hisses angrily.
You slash the goblin!
You kill the goblin!
The ufetubus hits you.
The ufetubus hits you but does no damage.
You hit the ufetubus.
The ufetubus is heavily wounded.
The ufetubus is struck by your spines. The ufetubus barely misses you.
You block the ufetubus's attack. The ufetubus hits you.
The ufetubus hits you but does no damage.
You barely miss the ufetubus.
The ufetubus is severely wounded.
You hear the slow rusting of a distant drain.
The ufetubus hits you but does no damage. x2
You miss the ufetubus.
The ufetubus is severely wounded.
The ufetubus is struck by your spines.
You kill the ufetubus!
The ball python is struck by your spines.
You kill the ball python!
No target in view!
No target in view!
No target in view!
An ogre comes into view. It is wielding a +0 giant club.
The ogre shouts!
An ogre is nearby!
An ogre is nearby!
You barely miss the ogre. The ogre hits you with a +0 giant club.
You barely miss the ogre. The ogre is struck by your spines.
The ogre hits you with a +0 giant club!
You hit the ogre.
The ogre is lightly wounded.
The ogre is struck by your spines. The ogre hits you with a +0 giant club!
* * * LOW HITPOINT WARNING * * *
You are too injured to fight recklessly!
You slash the ogre! Your headbutt misses the ogre.
The ogre is heavily wounded.
The ogre is struck by your spines. The ogre hits you with a +0 giant club!
You die...

#.#...# #.##.# #.#.#
##.#.#.####.##.####.#.#
#...........##......#<#
........#..################
.....######..........
#.....#. #...........#
#.###.#..#...#........ + .
+.....O#........ #
##....@#........
+........#####.#
.≈..≈.....# . .≈..≈...).#
.≈≈≈≈≈≈...# ....≈.....#
#.........# ..........#
.##.#.....#


You could see an ogre.

Vanquished Creatures
  A scorpion (D:4)
  Jessica (D:2)
  2 adders (D:2)
  An ufetubus (D:4)
  A worm (D:4)
  3 dart slugs
  An orc (D:3)
  6 ball pythons
  4 endoplasms
  3 giant cockroaches
  2 goblins
  6 hobgoblins
  5 jackals (D:2)
  3 quokkas
  7 bats
  A frilled lizard (D:3)
  A kobold (D:3)
  8 rats
56 creatures vanquished.

Vanquished Creatures (others)
  3 plants (D:4)
3 creatures vanquished.

Grand Total: 59 creatures vanquished

Notes
Turn   | Place    | Note
-------+----------+-------------------------------------------
     0 | D:1      | BritishOli the Demonspawn Fighter began the quest for the
                  | Orb.
     0 | D:1      | Reached XP level 1. HP: 18/18 MP: 1/1
   273 | D:1      | Gained mutation: You are partially covered in sharp spines.
                  | [demonic ancestry]
   273 | D:1      | Reached XP level 2. HP: 19/24 MP: 2/2
   610 | D:1      | Found a faded altar of an unknown god.
   726 | D:2      | Gained mutation: You are partially covered in thin metallic
                  | scales. (AC +2) [demonic ancestry]
   726 | D:2      | Reached XP level 3. HP: 28/29 MP: 3/3
  1203 | D:2      | Noticed Jessica
  1223 | D:2      | Killed Jessica
  1224 | D:2      | Gained mutation: You are mostly covered in thin metallic
                  | scales. (AC +3) [demonic ancestry]
  1224 | D:2      | Reached XP level 4. HP: 31/37 MP: 4/4
  2097 | D:4      | Noticed a scorpion
  2110 | D:4      | Killed a scorpion
  2111 | D:4      | Reached skill level 4 in Fighting
  2111 | D:4      | Gained mutation: You have a pair of small horns on your
                  | head. [demonic ancestry]
  2111 | D:4      | Reached XP level 5. HP: 36/42 MP: 5/5
  2200 | D:4      | Noticed an ogre
  2208 | D:4      | Slain by an ogre

Illustrated notes

Levels and vault maps discovered:
D:1:      dpeg_arrival_water_temple_mockup, layout_rooms,
          shapermc_ecumenical_altar_flowoftime
D:2:      layout_loops_ring, minmay_misc_feat_diagonals, uniq_jessica
D:3:      layout_basic, serial_forest, infiniplex_forest_lined_3,
          infiniplex_forest_corner_1, infiniplex_forest_corner_1,
          infiniplex_forest_diagonal, infiniplex_forest_straight_5,
          infiniplex_forest_straight_1, infiniplex_forest_corner_1
D:4:      layout_basic, lemuel_coloured_pillars_altar, hangedman_ru_absence,
          gup_sewer_entry_glass, gammafunk_ghost_necromancy,
          serial_bayou_crossing

Skill      XL: |  1  2  3  4 |
---------------+-------------+-----
Long Blades    | 2 3 |  3.2
Armour         | 3 |  3.3
Shields        | 3 |  3.3
Fighting       | 4 |  4.2

Action                   |  1- 3 |  4- 6 || total
-------------------------+-------+-------++-------
Melee: Long sword        |    86 |    47 ||   133
       Headbutt          |       |     1 ||     1
Armor: Scale mail        |    46 |     5 ||    51
       Plate armour      |       |    16 ||    16
Dodge: Dodged            |    54 |     9 ||    63
Block: Buckler           |    26 |    14 ||    40

Table legend: (Time is in decaauts)
 A = Elapsed time spent in this place.
 B = Non-inter-level travel time spent in this place.
 C = Inter-level travel time spent in this place.
 D = Time resting spent in this place.
 E = Time spent auto-exploring this place.
 F = Levels seen in this place.
 G = Mean time per level.
                   A        B        C        D        E       F      G
               +--------+--------+--------+--------+--------+-----+--------+
         Total |   2248 |   2175 |     73 |     90 |   1728 |   4 |  562.0 |
       Dungeon |   2248 |   2175 |     73 |     90 |   1728 |   4 |  562.0 |
               +--------+--------+--------+--------+--------+-----+--------+

Top non-repeatable levels by time:
     D:2: 882 daAuts
     D:1: 696 daAuts
     D:3: 400 daAuts
     D:4: 269 daAuts
